 Dungeon Sprint DCSS version 0.31-a0-662-g684573625c (webtiles) character file.

Game seed: 9884353937207063827

727 dialectric the Unseen (level 7, -3/50 HPs)
             Began as an Octopode Brigand on Aug 31, 2023.
             Was an Initiate of Dithmenos.
             Slain by a boulder beetle (16 damage)
             ... in the Dungeon (Sprint II: "The Violet Keep of Menkaure").
             The game lasted 00:01:18 (151 turns).

dialectric the Unseen (Octopode Brigand)             Turns: 151, Time: 00:01:18

Health: -3/50      AC:  1    Str: 10    XL:     7   Next: 72%
Magic:  7/7        EV: 14    Int: 14    God:    Dithmenos [......]
Gold:   972        SH:  0    Dex: 15    Spells: 6/6 levels left

rFire   . . .        a - +2 dagger
rCold   . . .        (no shield)
rNeg    . . .        (helmet restricted)
rPois   .            (no amulet)
rElec   .            (no ring)
rCorr   .            (no ring)
SInv    .            (no ring)
Will    .....        (no ring)
Stlth   ++++++++     (no ring)
HPRegen 0.28/turn    (no ring)
MPRegen 0.10/turn    (no ring)
                     (no ring)

%: no teleportation
@: no status effects
A: almost no armour, amphibious, 8 rings, camouflage 1, gelatinous body 1,
(nimble swimmer 1), tentacles
a: Renounce Religion


You were in the Dungeon.
You worshipped Dithmenos.
Dithmenos was noncommittal.
You visited 1 branch You collected 972 gold pieces.

Inventory:

Hand Weapons
 a - a +2 dagger (weapon)
Missiles
 b - 9 poisoned darts (quivered)
 c - 3 curare-tipped darts
Scrolls
 i - a scroll of blinking
Potions
 e - a potion of heal wounds
 f - a potion of haste
 g - 2 potions of magic


   Skills:
 + Level 5.1 Fighting
 + Level 6.2 Short Blades
 - Level 3.3 Throwing
 * Level 4.3 Dodging
 + Level 19.1 Stealth


You had 6 spell levels left.
You didn't know any spells.
Your spell library was empty.

Dungeon Overview and Level Annotations

Branches:
Dungeon (1/1)

Altars:
Cheibriados
Dithmenos
Elyvilon
Fedhas
Gozag
Hepliaklqana
Kikubaaqudgha
Makhleb
Nemelex Xobeh
Okawaru
Qazlal
Ru
Sif Muna
Trog
Uskayaw
Vehumet
Wu Jian
Xom
Yredelemnul
Zin
The Shining One
Jiyva
Lugonu


Innate Abilities, Weirdness & Mutations

You cannot wear most types of armour.
You are amphibious.
You can wear up to eight rings at the same time.
Your skin changes colour to match your surroundings (Stealth+).
Your rubbery body absorbs attacks. (AC +1, EV +1)
((You are camouflaged when in or above water. (Stealth+)))
You have tentacles for arms and can constrict up to eight enemies at once.


Message History

You enter the shallow water.
You are engulfed in a cloud of scalding steam.
A water moccasin comes into view.
The walls and floor vibrate strangely for a moment.
The helpless water moccasin fails to defend itself.
You stick the water moccasin like a pincushion!!!!
You kill the water moccasin!
Dithmenos accepts your kill.
Your Fighting skill increases to level 5!
Your Short Blades skill increases to level 6!
Your Dodging skill increases to level 4!
Your Stealth skill increases to level 19!
Unknown command.
You open the door.
There is an open door here.
The boulder beetle closely misses you.
You hit the boulder beetle but do no damage.
You squeeze the boulder beetle, but do no damage.
Unknown command.
There is an open door here.
You see here 243 gold pieces.
You now have 972 gold pieces (gained 243).
The boulder beetle closely misses you.
You hit the boulder beetle but do no damage.
You squeeze the boulder beetle, but do no damage.
The boulder beetle bites you!
The boulder beetle waves its antennae.
The boulder beetle bites you!
* * * LOW HITPOINT WARNING * * *
Unknown command.
There are no items here.
Unknown command.
You hit the boulder beetle but do no damage.
The boulder beetle completely misses you.
The boulder beetle bites you.
* * * LOW HITPOINT WARNING * * *
Unknown command.
The boulder beetle barely misses you. The boulder beetle bites you!
You die... +SS≈§§S§≈≈≈S# ≈S≈≈≈≈≈§≈ # ≈SSS≈

###~~#+++#+++##
##~~~.........#
.#~~~~†##'##..#
.#~~~~##.#B##.#### .###
.#~~~~#..#B.#....# ...#
.#~~####.#@####..## #..#
.#~##.###+###†##..# +.^#
.#~#...##.##.###..# #..#
.+ +.##†.<.†##.†..###
..###
#...##.##†..#....###...#
##.###'###.##......~~~~~
####.#.####~~.§.§.~#'##
#†###†#~~~~~~~§§~#._. ##
##~~~~~~§§.~#.._


You could see 2 boulder beetles and 2 electric eels.

Vanquished Creatures
  2 wyverns (D)
  2 water moccasins (D)
  4 necrophages (D)
  3 worms (D)
11 creatures vanquished.

Vanquished Creatures (others)
  Menkaure (D)
1 creature vanquished.

Grand Total: 12 creatures vanquished

Notes
Turn   | Place    | Note
-------+----------+-------------------------------------------
     0 | D        | dialectric the Octopode Brigand began the quest for the
                  | Orb.
     0 | D        | Reached XP level 1. HP: 14/14 MP: 1/1
     1 | D        | Noticed a necrophage
     1 | D        | Noticed a necrophage
     1 | D        | Noticed a necrophage
     1 | D        | Noticed a necrophage
     6 | D        | Killed a necrophage
     7 | D        | Reached skill level 10 in Stealth
     7 | D        | Reached XP level 2. HP: 20/20 MP: 2/2
     7 | D        | Reached XP level 3. HP: 25/25 MP: 3/3
     7 | D        | Reached XP level 4. HP: 30/30 MP: 4/4
     9 | D        | Killed a necrophage
    10 | D        | Reached skill level 12 in Stealth
    10 | D        | Reached XP level 5. HP: 36/36 MP: 5/5
    14 | D        | Reached skill level 14 in Stealth
    18 | D        | Reached skill level 15 in Stealth
    18 | D        | Reached XP level 6. HP: 43/43 MP: 6/6
    25 | D        | Killed Menkaure
    71 | D        | Noticed a boulder beetle
    71 | D        | Noticed a boulder beetle
    75 | D        | Noticed a wyvern
    75 | D        | Noticed a wyvern
    78 | D        | Killed a wyvern
    79 | D        | Reached skill level 5 in Short Blades
    79 | D        | Reached skill level 17 in Stealth
    81 | D        | Killed a wyvern
    82 | D        | Reached skill level 18 in Stealth
    82 | D        | Reached XP level 7. HP: 49/49 MP: 7/7
   100 | D        | Found a glowing silver altar of Zin.
   101 | D        | Found a glowing golden altar of the Shining One.
   101 | D        | Found a basalt altar of Yredelemnul.
   101 | D        | Found a hide-covered altar of Uskayaw.
   102 | D        | Found a shimmering altar of Xom.
   102 | D        | Found a bloodstained altar of Trog.
   103 | D        | Found an ornate altar of the Wu Jian Council.
   103 | D        | Found a shimmering blue altar of Sif Muna.
   103 | D        | Found a corrupted altar of Lugonu.
   103 | D        | Found a radiant altar of Vehumet.
   103 | D        | Found a burning altar of Makhleb.
   104 | D        | Found a sacrificial altar of Ru.
   104 | D        | Found an ancient bone altar of Kikubaaqudgha.
   104 | D        | Found a white marble altar of Elyvilon.
   105 | D        | Found a stormy altar of Qazlal.
   105 | D        | Found a viscous altar of Jiyva.
   105 | D        | Found a shadowy altar of Dithmenos.
   106 | D        | Found a hazy altar of Hepliaklqana.
   106 | D        | Found a snail-covered altar of Cheibriados.
   108 | D        | Found a sparkling altar of Nemelex Xobeh.
   108 | D        | Found a blossoming altar of Fedhas.
   109 | D        | Found an opulent altar of Gozag.
   109 | D        | Found an iron altar of Okawaru.
   114 | D        | Became a worshipper of Dithmenos the Shadowed
   139 | D        | Reached skill level 5 in Fighting
   139 | D        | Reached skill level 19 in Stealth
   151 | D        | Slain by a boulder beetle

Illustrated notes

Levels and vault maps discovered:
D:        the_violet_keep_of_menkaure [sprint2_stairs_cluster_1,
          sprint2_shoproom, sprint2_temple, sprint2_basic_supplies,
          sprint2_obstacle_1, sprint2_obstacle_3, sprint2_obstacle_7,
          sprint2_obstacle_6, sprint2_obstacle_2, sprint2_timed_cluster_1,
          sprint2_smallroom_cluster_1, sprint2_smallroom_final_cluster_1,
          sprint2_transparent_cluster_1, sprint2_second_timed_cluster_1,
          sprint2_sniper_area_1, sprint2_heavy_combat_area_1,
          sprint2_mutation_trap_area_1, sprint2_forest_area_1,
          sprint2_light_combat_area_1, sprint2_behind_water_1,
          sprint2_near_end_vault_1]

Skill      XL: |  1  2  3  4  5  6  7 |
---------------+----------------------+-----
Stealth        | 10 12 15 18 19 | 19.1
Fighting       | 3 4 5 |  5.1
Short Blades   | 3 4 5 6 |  6.2
Throwing       | 3 |  3.3
Dodging        | 2 3 4 |  4.3

Action                     |  1- 3 |  4- 6 |  7- 9 || total
---------------------------+-------+-------+-------++-------
  Melee: Dagger            |     4 |    20 |    10 ||    34
         Tentacles         |     2 |     5 |     3 ||    10
         Constrict         |     1 |     5 |     1 ||     7
    Use: Potion            |     1 |       |     1 ||     2
   Stab: Sleeping          |       |     3 |     1 ||     4
 Armour: Skin              |       |     3 |     8 ||    11
  Dodge: Dodged            |     1 |     4 |     6 ||    11

Table legend: (Time is in decaauts)
 A = Elapsed time spent in this place.
 B = Non-inter-level travel time spent in this place.
 C = Inter-level travel time spent in this place.
 D = Time resting spent in this place.
 E = Time spent auto-exploring this place.
 F = Levels seen in this place.
 G = Mean time per level.
                   A        B        C        D        E       F      G
               +--------+--------+--------+--------+--------+-----+--------+
         Total |    149 |    149 |      0 |     21 |      0 |   1 |  149.0 |
       Dungeon |    149 |    149 |      0 |     21 |      0 |   1 |  149.0 |
               +--------+--------+--------+--------+--------+-----+--------+

Top non-repeatable levels by time:
       D: 149 daAuts
